 Dungeon Crawl Stone Soup version 0.31.0-12-g77e489cdc1 (webtiles) character file.

Game seed: 4624439710840781778

65 Curundu the Chopper (level 4, -1/35 HPs)
             Began as a Human Berserker on Feb 13, 2024.
             Was a Believer of Trog.
             Succumbed to an adder's poison
             ... on level 2 of the Dungeon.
             The game lasted 00:02:50 (973 turns).

Curundu the Chopper (Human Berserker)                Turns: 973, Time: 00:02:51

Health: -1/35      AC:  3    Str: 19    XL:     4   Next: 14%
Magic:  2/4        EV: 12    Int:  8    God:    Trog [**....]
Gold:   50         SH:  0    Dex: 12    Spells: 3/3 levels left

rFire   . . .        j - +0 war axe
rCold   . . .        (no shield)
rNeg    . . .        b - +0 animal skin
rPois   .            (no helmet)
rElec   .            (no cloak)
rCorr   .            (no gloves)
SInv    .            e - +0 pair of boots
Will    .....        g - amulet of guardian spirit
Stlth   +            (no ring)
HPRegen 0.25/turn    (no ring)
MPRegen 0.09/turn

%: guardian spirit
@: lethally poisoned (-1 -> -9)
A: explore regen
a: Renounce Religion, Berserk, Trog's Hand


You were on level 2 of the Dungeon.
You worshipped Trog.
Trog was pleased with you.
You visited 1 branch of the dungeon, and saw 2 of its levels.

You collected 50 gold pieces.

Inventory:

Hand Weapons
 j - a +0 war axe (weapon)
Armour
 b - a +0 animal skin (worn)
 e - a +0 pair of boots (worn)
Jewellery
 g - an amulet of guardian spirit (around neck)
Scrolls
 c - a scroll of enchant weapon {unknown}
 d - 2 scrolls of identify {unknown}
 h - 5 scrolls of teleportation {unknown}
Potions
 f - a potion of attraction {unknown}
 i - a potion of enlightenment {unknown}


   Skills:
 + Level 3.5 Fighting
 + Level 3.8 Axes
 + Level 2.1 Armour
 + Level 2.6 Dodging
 + Level 0.7 Stealth


You had 3 spell levels left.
You didn't know any spells.
Your spell library was empty.

Dungeon Overview and Level Annotations

Branches:
Dungeon (2/15)

Altars:


Innate Abilities, Weirdness & Mutations

You regain HP and MP as you explore.


Message History

You slash the dart slug!
You kill the dart slug!
Trog accepts your kill.
You barely miss the adder.
You feel very sick. The adder bites you.
You feel sick. The adder closely misses you. The adder bites you.
You see here a dart slug corpse.
You feel sick. The adder closely misses you.
You miss the adder.
You feel sick. The adder misses you. The adder bites you.
You hit the adder but do no damage.
You feel sick. The adder bites you.
You are more poisoned.
The adder poisons you! The adder bites you.
You hit the adder.
The adder is lightly wounded.
You feel sick. The adder barely misses you.
You closely miss the adder.
The adder is lightly wounded.
You feel sick. The adder barely misses you. The adder bites you.
* * * LOW HITPOINT WARNING * * *
You barely miss the adder.
The adder is lightly wounded.
You feel sick. The adder barely misses you. The adder bites you.
* * * LOW HITPOINT WARNING * * *
You are lethally poisoned!
The adder poisons you!
You miss the adder.
The adder is lightly wounded.
* * * LOW HITPOINT WARNING * * *
You feel sick. The adder closely misses you.
You miss the adder.
The adder is lightly wounded.
* * * LOW HITPOINT WARNING * * *
You feel sick. The adder barely misses you. The adder bites you.
* * * LOW HITPOINT WARNING * * *
You are more poisoned.
The adder poisons you!
You hit the adder.
The adder is moderately wounded.
You die...

....##.########........
......................>
#......#.#........
#......#.##.......
#.$...<#.##..)....
#######†....#+##.......
#........##....#.......
#.....S..##....#.......
#.....@†.##....#.....#.
#..............###...#.
#........<..... ##...#.
................ #....#.
........####....##....#.
#.......# >...........
#.......# ...###...#.
#.......# ... #####. .
.. #...


You could see an adder.

Vanquished Creatures
  Jessica (D:2)
  2 ribbon worms (D:2)
  4 dart slugs
  A ball python (D:1)
  An endoplasm (D:1)
  A hobgoblin (D:1)
  3 kobolds (D:1)
  A quokka (D:2)
  3 bats
  A frilled lizard (D:1)
  8 goblins
  3 rats (D:1)
29 creatures vanquished.

Notes
Turn   | Place    | Note
-------+----------+-------------------------------------------
     0 | D:1      | Curundu the Human Berserker began the quest for the Orb.
     0 | D:1      | Reached XP level 1. HP: 18/18 MP: 1/1
   113 | D:1      | Reached XP level 2. HP: 24/24 MP: 2/2
   646 | D:1      | Reached XP level 3. HP: 25/29 MP: 3/3
   772 | D:2      | Reached ** piety under Trog
   794 | D:2      | Noticed Jessica
   809 | D:2      | Killed Jessica
   856 | D:2      | Reached XP level 4. HP: 28/35 MP: 2/4
   973 | D:2      | Succumbed to an adder's poison

Illustrated notes

Levels and vault maps discovered:
D:1:      mrwooster_arrival_statue_2, layout_basic,
          chequers_serial_rivers_small_a
D:2:      layout_basic, serial_shops, shop, uniq_jessica

Action                     |  1- 3 |  4- 6 || total
---------------------------+-------+-------++-------
  Melee: Hand axe          |    71 |     8 ||    79
         War axe           |       |    16 ||    16
         Punch             |       |     1 ||     1
 Invoke: Trog's Hand       |     1 |       ||     1
 Armour: Animal skin       |    56 |    15 ||    71
  Dodge: Dodged            |    42 |    18 ||    60
